 Dungeon Crawl Stone Soup version 0.27.1-15-g792fb953b9 (webtiles) character file.

Game seed: 10248970701253438849

744 bearlyready the Insei (level 7, -1/45 HPs)
             Began as an Octopode Transmuter on Nov 20, 2021.
             Was an Initiate of Gozag.
             Slain by an ogre (20 damage)
             ... on level 5 of the Dungeon.
             The game lasted 00:10:47 (4999 turns).

bearlyready the Insei (Octopode Transmuter)         Turns: 4999, Time: 00:10:47

Health: -1/45      AC:  2    Str: 10    XL:     7   Next: 76%
Magic:  7/10       EV: 19    Int: 17    God:    Gozag
Gold:   347        SH:  0    Dex: 17    Spells: 0/10 levels left

rFire    . . .     SeeInvis .     - Unarmed
rCold    . . .     Faith    .   (shield currently unavailable)
rNeg     . . .     Spirit   .   (helmet currently unavailable)
rPois    x         Reflect  .   a - amulet of regeneration
rElec    .         Harm     .   (no ring)
rCorr    .         Rampage  .   (no ring)
Will     .....                  (no ring)
Stlth    ++........             (no ring)
HPRegen  1.15/turn              (no ring)
MPRegen  0.12/turn              (no ring)
                                (no ring)
                                (no ring)

@: spider-form
A: venomous fangs, almost no armour, (amphibious), 8 rings, tiny, (camouflage
1), (gelatinous body 1), (nimble swimmer 1), (tentacles)
a: End Transformation, Renounce Religion, Potion Petition, Call Merchant, Bribe
Branch


You were on level 5 of the Dungeon.
You worshipped Gozag.
Gozag was aware of your devotion.
You were a venomous arachnid creature.
You visited 2 branches of the dungeon, and saw 6 of its levels.

You collected 397 gold pieces.
You paid 50 gold pieces to Gozag.

Inventory:

Missiles
 d - 22 poisoned darts
Armour
 f - a +0 buckler
 m - a +0 kite shield
Magical Staves
 g - a staff of poison
Jewellery
 a - an amulet of regeneration (around neck)
Scrolls
 c - 6 scrolls of identify {unknown}
 h - a scroll of magic mapping {unknown}
 j - 2 scrolls of fog {unknown}
 k - a scroll of noise {unknown}
 n - 2 scrolls of teleportation {unknown}
 o - a scroll of holy word {unknown}
Potions
 b - 2 potions of might {unknown}
 e - a potion of mutation {unknown}
 i - 2 potions of invisibility {unknown}
 l - a potion of curing {unknown}


   Skills:
 + Level 2.2 Fighting
 - Level 2.0 Dodging
 + Level 2.8 Stealth
 - Level 1.2 Shields
 + Level 5.5 Unarmed Combat
 - Level 2.0 Spellcasting
 + Level 5.0 Transmutations
 - Level 4.0 Poison Magic


You couldn't memorise any spells.
You knew the following spells:

 Your Spells              Type           Power      Damage    Failure   Level
a - Beastly Appendage     Tmut           36%        N/A       10%         1
b - Wereblood             Tmut           18%        N/A       12%         2
c - Spider Form           Tmut/Pois      8%         N/A       22%         3
d - Ice Form              Ice/Tmut       10%        N/A       77%         4

Your spell library contained the following spells:

 Spells                   Type           Power      Damage    Failure   Level
 Gell's Gravitas          Tloc           0%         N/A       71%         3
 Lesser Beckoning         Tloc           0%         N/A       71%         3
 Teleport Other           Tloc           1%         N/A       71%         3
 Animate Dead             Necr           0%         N/A       96%         4
 Borgnjor's Vile Clutch   Necr/Erth      0%         N/A       100%        5
 Death Channel            Necr           0%         N/A       100%        6


Dungeon Overview and Level Annotations

Branches:
Dungeon (5/15)             Temple (1/1) D:4

Altars:
Ashenzari
Dithmenos
Elyvilon
Gozag
Hepliaklqana
Makhleb
Okawaru
Ru
Trog
Uskayaw
Vehumet
Wu Jian
Yredelemnul
Zin
The Shining One

Shops:
D:3 [


Innate Abilities, Weirdness & Mutations

You are a venomous arachnid creature.
You have poisonous fangs.
You are tiny and dextrous.
Your spellcasting is less reliable in this form.
Your armour is entirely melded.
You are incapable of wielding weapons or throwing items.
You cannot wear most types of armour.
((You are amphibious.))
You can wear up to eight rings at the same time.
((Your skin changes colour to match your surroundings (Stealth+).))
((Your rubbery body absorbs attacks. (AC +1, EV +1)))
((You are camouflaged near water. (Stealth+)))
((You have tentacles for arms and can constrict up to eight enemies at once.))


Message History

You see here a +0 flail.
There is a stone staircase leading up here.
Found 19 sling bullets.
Found 20 gold pieces.
Found a long sword.
You now have 334 gold pieces (gained 20).
There is a stone staircase leading up here.
You see here a +0 flail.
An adder is nearby!
An adder is nearby!
Casting: Spider Form (dangerous; 9% risk of failure)
Confirm with . or Enter, or press ? or * to list all spells.
You turn into a venomous arachnid creature.
The adder hisses angrily.
There is a stone staircase leading down here.
The adder completely misses you. x2
You bite the adder!
The adder is poisoned.
The adder is severely wounded.
The adder closely misses you.
You bite the adder!
You kill the adder!
No target in view!
You now have 340 gold pieces (gained 6).
Your transformation is almost over.
Your transformation has ended.
You now have 347 gold pieces (gained 7).
An ogre is nearby!
An ogre is nearby!
Casting: Spider Form (dangerous; 9% risk of failure)
Confirm with . or Enter, or press ? or * to list all spells.
You turn into a venomous arachnid creature.
You hit the ogre.
The ogre is poisoned.
The ogre is lightly wounded.
The ogre hits you with a +0 giant club!!
Ouch! That really hurt!
You hit the ogre.
The ogre looks as sick as possible!
The ogre is lightly wounded.
The ogre hits you with a +0 giant club!!
You die...
Your body crumbles into a pile of gold.

#...##...#
#...###g.#
#### #..##
#..# #
####..###
#..## #..#
###.......##
#...# #..#
#..........##
#...# #g.##
)....####...##
#...# #...#
#...##
##...####O..#
#..O## # #...#
#....##s...#
#)..)## ###
##..##
##........##
##....###.g
#...#
#.......##
##.##)...O
##>.##
##.....##
##......#
#...# #...###
#....###
###...## #####
#..#).#
.##....#
###..##
.##....# #...#
.##....# ####.


You could see an ogre (extremely poisoned).

Vanquished Creatures
  Sigmund (D:3)
  An ice beast (D:5)
  2 jellies (D:2)
  A bullfrog skeleton (D:5)
  3 iguanas (D:5)
  3 orc wizards
  5 gnolls
  9 adders
  3 worms (D:2)
  2 dart slugs (D:3)
  14 orcs
  6 ball pythons
  15 endoplasms
  7 goblins
  9 hobgoblins
  2 jackals (D:1)
  7 quokkas
  3 bats (D:1)
  A frilled lizard (D:1)
  11 kobolds
  6 rats
111 creatures vanquished.

Vanquished Creatures (others)
  8 fungi (D:2)
  4 plants (D:5)
  8 toadstools (D:2)
20 creatures vanquished.

Grand Total: 131 creatures vanquished

Notes
Turn   | Place    | Note
-------+----------+-------------------------------------------
     0 | D:1      | bearlyready the Octopode Transmuter began the quest for the
                  | Orb.
     0 | D:1      | Reached XP level 1. HP: 13/13 MP: 3/3
    14 | D:1      | Found a faded altar of an unknown god.
   216 | D:1      | Reached XP level 2. HP: 18/18 MP: 3/5
   430 | D:1      | Reached XP level 3. HP: 21/23 MP: 6/6
   439 | D:1      | Learned a level 2 spell: Wereblood
   443 | D:1      | Learned a level 3 spell: Spider Form
   865 | D:2      | Reached skill level 1 in Poison Magic
   927 | D:2      | Reached XP level 4. HP: 28/28 MP: 4/7
  1337 | D:2      | Reached skill level 1 in Shields
  1453 | D:2      | Reached XP level 5. HP: 33/33 MP: 4/8
  2209 | D:3      | Found Icyq's Armour Shoppe.
  2215 | D:3      | Noticed Sigmund
  2308 | D:3      | Found a shadowy altar of Dithmenos.
  2351 | D:3      | Killed Sigmund
  2352 | D:3      | Reached XP level 6. HP: 38/38 MP: 5/9
  2917 | D:4      | Found a staircase to the Ecumenical Temple.
  3048 | Temple   | Entered the Ecumenical Temple
  3392 | Temple   | Became a worshipper of Gozag Ym Sagoz the Greedy
  3545 | D:4      | Found an iron altar of Okawaru.
  3732 | D:4      | Reached skill level 5 in Unarmed Combat
  4106 | D:4      | Reached XP level 7. HP: 40/43 MP: 7/10
  4214 | D:4      | Learned a level 4 spell: Ice Form
  4242 | D:5      | Entered Level 5 of the Dungeon
  4327 | D:5      | Reached skill level 1 in Stealth
  4751 | D:5      | Reached skill level 5 in Transmutations
  4860 | D:5      | Found a burning altar of Makhleb.
  4999 | D:5      | Slain by an ogre

Illustrated notes

Levels and vault maps discovered:
D:1:      elethiomel_arrival_quiet, layout_basic, serial_curves, eino_curves_02,
          eino_curves_03, shapermc_ecumenical_altar_starsandcircs,
          minmay_stone_trees_small
D:2:      cheibrodos_fertilizer, layout_loops_ring, minmay_heptomino_d4
D:3:      minmay_recursive_quarters, layout_loops_ring,
          mainiacjoe_overflow_small_starburst, serial_shops, nicolae_shop_stone,
          palyth_stone_intersect, minmay_misc_feat_hallway, uniq_sigmund
D:4:      layout_basic, okawaru_metal_pillars_3, minmay_temple_entry_nine_rooms
D:5:      layout_layer_cave, marbit_many_paths, fedhas_ov_isle_minmay
Temple:   minmay_temple_forest_path

Skill      XL: |  1  2  3  4  5  6  7 |
---------------+----------------------+-----
Transmutations | 3 4 5 |  5.0
Poison Magic   | 1 2 3 4 |  4.0
Shields        | 1 |  1.2
Unarmed Combat | 4 5 |  5.5
Stealth        | 2 |  2.8
Fighting       | 2 |  2.2
Dodging        | |  2.0
Spellcasting   | |  2.0

Action                   |  1- 3 |  4- 6 |  7- 9 || total
-------------------------+-------+-------+-------++-------
Melee: Unarmed           |    70 |   141 |    83 ||   294
       Constrict         |    21 |    19 |     8 ||    48
       Tentacles         |    12 |    12 |     7 ||    31
       Kick              |     6 |       |       ||     6
       Punch             |     5 |     2 |     3 ||    10
 Cast: Beastly Appendage |     5 |       |       ||     5
       Spider Form       |       |    11 |     9 ||    20
       Wereblood         |       |     2 |     1 ||     3
 Stab: Sleeping          |     5 |     9 |     3 ||    17
       Distracted        |       |     1 |     1 ||     2
Armor: Skin              |     7 |     2 |     2 ||    11
Dodge: Dodged            |    41 |    79 |    60 ||   180
